AoeStats
← Bliitzz67

Arena

510729182Analyzed
4v4 RM · 16h ago on Oct 2, 2026· 58m 16s· 8 players
Game mode
Random Map
Map size
Large (8 player)
Population
200
Speed
Normal
Resources
Standard
Victory
Conquest
Starting age
Dark Age
Ending age
Imperial Age
RankedLock teamsTeams togetherTeam positionsShared explorationLock speedFull tech treeHidden civsTurbo modeCheats
Victory
Defeat
🇨🇳 Khmer · China
1092
+15
🇨🇳 Spanish · China
1074
+16
1000
+58
🇨🇳 Magyars · China
994
+19
🇳🇴 Spanish · Norway
1106
-20
🇫🇷 Turks · France
1059
-17
🇮🇳 Armenians · India
1055
-17
🇺🇦 Slavs · Ukraine
1024
-15
Bliitzz67
0:30 Loom
11:02 Feudal Age
15:19 Castle Age
14:29 Double-Bit Axe
21:11 Wheelbarrow
snoK
10:46 Feudal Age
16:15 Castle Age
15:03 Stone Mining
15:27 Double-Bit Axe
17:56 Gold Mining
21:32 Horse Collar
23:34 Bow Saw
29:33 Wheelbarrow
32:24 Hand Cart
34:25 Stone Shaft Mining
37:42 Imperial Age
35:50 Husbandry
36:01 Bloodlines
36:08 Heavy Plow
38:02 Forging
37:57 Scale Barding Armor
37:14 Light Cavalry
38:04 Bloodlines
38:51 Onager
40:05 Chain Barding Armor
39:38 Hussar
40:03 Onager
43:12 Two-Man Saw
42:37 Elite Conquistador
42:44 Elite Conquistador
53:54 Capped Ram
sparttanez
11:33 Feudal Age
15:30 Castle Age
13:49 Double-Bit Axe
13:59 Horse Collar
16:00 Wheelbarrow
16:23 Bow Saw
20:11 Stone Mining
21:18 Hand Cart
23:21 Gold Mining
25:28 Gold Shaft Mining
28:08 Imperial Age
25:24 Town Watch
26:13 Scale Barding Armor
26:19 Forging
26:13 Detinets
26:21 Loom
27:54 Bloodlines
27:45 Husbandry
29:29 Conscription
29:35 Chain Barding Armor
29:52 Iron Casting
28:58 Light Cavalry
29:38 Fletching
31:20 Plate Barding Armor
31:08 Heavy Plow
32:11 Two-Man Saw
30:41 Hussar
31:58 Bodkin Arrow
33:04 Blast Furnace
33:26 Blast Furnace
33:59 Masonry
34:24 Elite Boyar
35:41 Caravan
42:53 Crop Rotation
43:41 Hoardings
43:29 Padded Archer Armor
43:29 Scale Mail Armor
42:54 Onager
42:57 Capped Ram
44:32 Siege Onager
47:58 Chemistry
47:19 Ballistics
46:57 Murder Holes
53:33 Fortified Wall
53:29 Siege Engineers
53:43 Leather Archer Armor
53:43 Chain Mail Armor
54:10 Coinage
Null Pointer
12:09 Feudal Age
12:08 Loom
13:15 Horse Collar
13:22 Double-Bit Axe
13:27 Gold Mining
14:00 Loom
17:14 Castle Age
16:11 Gold Mining
18:44 Bow Saw
19:11 Wheelbarrow
20:29 Hand Cart
21:42 Town Watch
23:42 Heavy Plow
24:49 Fletching
26:58 Padded Archer Armor
27:22 Bodkin Arrow
28:58 Leather Archer Armor
32:30 Imperial Age
30:05 Pikeman
31:33 Scale Mail Armor
31:56 Forging
32:44 Ballistics
32:34 Fortified Wall
32:05 Treadmill Crane
35:35 Chemistry
36:01 Bracer
36:32 Ring Archer Armor
38:05 Town Patrol
38:37 Ring Archer Armor
38:43 Iron Casting
38:45 Chain Mail Armor
39:52 Conscription
39:24 Halberdier
40:14 Scale Barding Armor
41:14 Squires
42:17 Blast Furnace
42:03 Plate Mail Armor
42:19 Onager
43:45 Coinage
45:01 Elite Composite Bowman
47:44 Banking
48:07 Gold Shaft Mining
47:23 Stone Mining
47:28 Guard Tower
47:34 Murder Holes
49:57 Block Printing
50:39 Chain Barding Armor
51:00 Bombard Tower
50:49 Elite Skirmisher
378080739
0:28 Loom
11:45 Feudal Age
16:58 Castle Age
15:14 Stone Mining
15:26 Double-Bit Axe
16:03 Gold Mining
16:05 Horse Collar
18:13 Bow Saw
25:04 Fortified Wall
30:45 Imperial Age
29:38 Ballistics
31:44 Elite Ballista Elephant
33:43 Chemistry
32:53 Siege Engineers
33:06 Double Crossbow
33:59 Conscription
34:37 Gold Shaft Mining
34:40 Wheelbarrow
35:42 Hand Cart
36:07 Heavy Plow
47:18 Bloodlines
47:09 Husbandry
46:42 Elite Battle Elephant
49:55 Forging
49:50 Scale Barding Armor
51:34 Tusk Swords
52:14 Iron Casting
51:59 Chain Barding Armor
55:09 Blast Furnace
54:45 Plate Barding Armor
55:28 Stone Shaft Mining
种田低手
10:37 Feudal Age
14:34 Castle Age
12:55 Double-Bit Axe
12:52 Horse Collar
19:17 Padded Archer Armor
27:17 Leather Archer Armor
27:13 Bloodlines
28:41 Husbandry
28:30 Loom
30:54 Wheelbarrow
30:16 Town Watch
31:24 Fletching
34:50 Gold Mining
34:50 Stone Mining
35:02 Heavy Plow
35:15 Bow Saw
38:36 Imperial Age
38:07 Stone Shaft Mining
38:33 Hand Cart
39:57 Ring Archer Armor
39:09 Elite Conquistador
40:10 Conscription
40:54 Chemistry
41:36 Guilds
42:35 Bodkin Arrow
43:03 Ballistics
42:54 Fortified Wall
42:39 Murder Holes
42:55 Masonry
43:18 Bracer
46:45 Supremacy
47:00 Hoardings
47:54 Coinage
49:10 Banking
48:41 Caravan
48:44 Town Patrol
49:16 Architecture
50:38 Forging
50:33 Scale Barding Armor
50:29 Scale Mail Armor
dashjk
11:36 Feudal Age
16:04 Castle Age
15:53 Loom
16:43 Double-Bit Axe
16:52 Horse Collar
20:42 Wheelbarrow
23:52 Heavy Plow
25:07 Gold Mining
26:32 Corvinian Army
27:16 Hand Cart
27:54 Scale Barding Armor
28:32 Bloodlines
32:41 Man-at-Arms
32:47 Pikeman
33:55 Light Cavalry
36:05 Chain Barding Armor
39:22 Imperial Age
37:08 Scale Mail Armor
38:25 Gold Shaft Mining
37:41 Stone Mining
37:43 Town Watch
40:37 Conscription
39:39 Halberdier
39:46 Heavy Scorpion
40:48 Treadmill Crane
41:18 Masonry
41:30 Ballistics
42:11 Chemistry
41:07 Murder Holes
41:57 Chain Mail Armor
42:18 Plate Barding Armor
42:12 Hussar
45:24 Husbandry
47:45 Arson
48:19 Bow Saw
48:43 Crop Rotation
48:21 Siege Engineers
49:49 Padded Archer Armor
49:40 Fletching
51:05 Elite Magyar Huszar
53:26 Hoardings
55:43 Two-Man Saw
56:04 Leather Archer Armor
55:45 Bodkin Arrow
55:20 Capped Ram
青青草原懒羊羊
0:32 Loom
Connection lost

Rejoining the realm…

Still unreachable

The connection could not be restored.

Session expired

The server has moved on; the page needs a fresh start.